cohdb
Replays
Latest Replays
All Replays
Popular Replays
Top Player Replays
Match Explorer
How It Works
Community
CoH3 Stats
Reddit
Sign in to upload your games and track your stats! →
Sign in with Steam
Match 43264613
Unlisted
Match 43264613
Overview
Messages
Build Orders
End
Construct Barracks
Selects Special Operations Battlegroup
Riflemen Squad
Riflemen Squad
Riflemen Squad
M1 Mortar Team
Construct Weapon Support Center
Bazooka Squad
Selects Raiding Flares
Raiding Flares
Construct Medical Station
Air Support Center
M1919 Machine Gun Team
Raiding Flares
Grenade Package
Selects M29 Weasel with M1 Pack Howitzer
P-47 Dive Bomb
Construct Tank Depot
aleptos
Succulent
Euph0ria
michalcewicz85
星空夜貓
19禁
戰神
lplp4943718
0
0
Comments
sign in to comment!
No comments posted yet!